MLB
TEXAS RANGERS @ WASHINGTON NATIONALS
05/25/2042
 
TOP OF THE 1ST
Texas Rangers batting - Pitching for Washington Nationals : RHP Luis Santos
Pitching: RHP Luis Santos
Batting: LHB Elijah Malone 0-0: Swinging Strike
0-1: Fly out, F8 (Flyball, 89D, EV 98.1 MPH)
Batting: RHB Jesús Tucker 0-0: Called Strike
0-1: Reached on error, E2 (Groundball, 2R, EV 68.8 MPH)
Batting: LHB Jesús Gómez 0-0: Ball
1-0: Foul Ball, location: 2F
1-1: Grounds out, U3 (Groundball, 3L, EV 105.0 MPH)
Batting: RHB José Carlos Ferreira 0-0: Ball
1-0: Called Strike
1-1: Ball
2-1: Ground out 5-3 (Groundball, 56S, EV 90.0 MPH)
Top of the 1st over - 0 runs, 0 hits, 1 error, 1 left on base; Texas 0 - Washington 0
BOTTOM OF THE 1ST
Washington Nationals batting - Pitching for Texas Rangers : RHP Steve Duffy
Pitching: RHP Steve Duffy
Batting: LHB Dana Martin 0-0: Ground out 5-3 (Groundball, 56S, EV 69.4 MPH)
Batting: SHB Luis Mota 0-0: Ball
1-0: Ball
2-0: SINGLE (Groundball, 34D, EV 106.9 MPH)
Batting: LHB Rob Blanchard 0-0: Swinging Strike
0-1: Ball
1-1: Fly out, F7 (Flyball, 7LD, EV 109.4 MPH)
Batting: RHB Doug Watts 0-0: Ball
1-0: Foul Ball, location: 2F
1-1: Called Strike
Luis Mota steals 2nd base
1-2: Foul Ball, location: 2F
1-2: Foul Ball, location: 2F
1-2: 2-RUN HOME RUN (Flyball, 78XD, EV 102.5 MPH), Distance : 395 ft
Batting: LHB Brad Numbers 0-0: Called Strike
0-1: Ball
1-1: Foul Ball, location: 2F
1-2: Ball
2-2: Ball
3-2: Fly out, F8 (Flyball, 8RD, EV 105.6 MPH)
Bottom of the 1st over - 2 runs, 2 hits, 0 errors, 0 left on base; Texas 0 - Washington 2
TOP OF THE 2ND
Texas Rangers batting - Pitching for Washington Nationals : RHP Luis Santos
Batting: SHB Darrell Bailey 0-0: Called Strike
0-1: Foul Ball, location: 7LSF
0-2: Ground out 5-3 (Groundball, 56S, EV 89.4 MPH)
Batting: LHB Adrián Flores 0-0: Ground out 6-3 (Groundball, 6, EV 98.8 MPH)
Batting: RHB Don Stringfield 0-0: Swinging Strike
0-1: Foul Ball, location: 9LSFF
0-2: Ball
1-2: Ball
2-2: Ball
3-2: Strikes out looking
Top of the 2nd over - 0 runs, 0 hits, 0 errors, 0 left on base; Texas 0 - Washington 2
BOTTOM OF THE 2ND
Washington Nationals batting - Pitching for Texas Rangers : RHP Steve Duffy
Batting: SHB Dave Dulin 0-0: Ball
1-0: Called Strike
1-1: Ball
2-1: Ball
3-1: Called Strike
3-2: Foul Ball, location: 2F
3-2: SOLO HOME RUN (Flyball, 78XD, EV 98.8 MPH), Distance : 389 ft
Batting: SHB Jorge Acosta 0-0: Foul Ball, location: 2F
0-1: Foul Ball, location: 7LDF
0-2: Ball
1-2: Strikes out swinging
Batting: LHB Eric Tushinghem 0-0: Fly out, F5 (Popup, 5SF, EV 85.6 MPH)
Batting: RHB Ernesto Paganin 0-0: Ball
1-0: Ball
2-0: SINGLE (Groundball, 56D, EV 102.5 MPH)
Batting: LHB Dana Martin 0-0: Ball
1-0: Ball
2-0: Called Strike
2-1: Ball
3-1: Base on Balls
Ernesto Paganin to second
Batting: SHB Luis Mota 0-0: Fly out, F9 (Flyball, 89M, EV 83.8 MPH)
Bottom of the 2nd over - 1 run, 2 hits, 0 errors, 2 left on base; Texas 0 - Washington 3
TOP OF THE 3RD
Texas Rangers batting - Pitching for Washington Nationals : RHP Luis Santos
Batting: LHB Orlando Rodríguez 0-0: Called Strike
0-1: SINGLE (Groundball, 34S, EV 68.8 MPH) (infield hit)
Batting: RHB Jeremy Wiley 0-0: Bunted foul
0-1: Sac Bunt to 25 - play at first, batter OUT! 5-3
Orlando Rodríguez to second
Batting: LHB Elijah Malone 0-0: Ball
1-0: Called Strike
1-1: Foul Ball, location: 3F
1-2: Foul Ball, location: 9LDF
1-2: Strikes out swinging
Batting: RHB Jesús Tucker 0-0: Called Strike
0-1: Ball
1-1: Swinging Strike
1-2: Foul Ball, location: 9LSF
1-2: Fly out, F7 (Line Drive, 7, EV 97.5 MPH)
Top of the 3rd over - 0 runs, 1 hit, 0 errors, 1 left on base; Texas 0 - Washington 3
BOTTOM OF THE 3RD
Washington Nationals batting - Pitching for Texas Rangers : RHP Steve Duffy
Batting: LHB Rob Blanchard 0-0: DOUBLE (Groundball, 3L, EV 101.9 MPH)
Batting: RHB Doug Watts 0-0: Called Strike
0-1: Swinging Strike
0-2: Strikes out looking
Batting: LHB Brad Numbers 0-0: Ball
1-0: Foul Ball, location: 9LDF
1-1: Foul Ball, location: 3FF
1-2: Ball
2-2: Ball
3-2: Strikes out swinging
Batting: SHB Dave Dulin 0-0: Ball
1-0: Ball
2-0: Foul Ball, location: 3F
2-1: SINGLE (Line Drive, 4M, EV 106.9 MPH)
Rob Blanchard to third
Runner from 3rd tries for Home, throw by CF and OUT! 8-2
Bottom of the 3rd over - 0 runs, 2 hits, 0 errors, 1 left on base; Texas 0 - Washington 3
TOP OF THE 4TH
Texas Rangers batting - Pitching for Washington Nationals : RHP Luis Santos
Batting: LHB Jesús Gómez 0-0: Foul Ball, location: 5F
0-1: Ball
1-1: Foul Ball, location: 25F
1-2: Strikes out swinging
Batting: RHB José Carlos Ferreira 0-0: Ground out 4-3 (Groundball, 4M, EV 90.0 MPH)
Batting: SHB Darrell Bailey 0-0: Ball
1-0: Ball
2-0: Ground out 3-1 (Groundball, 34S, EV 88.1 MPH)
Top of the 4th over - 0 runs, 0 hits, 0 errors, 0 left on base; Texas 0 - Washington 3
BOTTOM OF THE 4TH
Washington Nationals batting - Pitching for Texas Rangers : RHP Steve Duffy
Batting: SHB Jorge Acosta 0-0: SOLO HOME RUN (Flyball, 9D, EV 95.0 MPH), Distance : 365 ft
Batting: LHB Eric Tushinghem 0-0: Called Strike
0-1: Called Strike
0-2: Ground out 5-3 (Groundball, 56, EV 91.3 MPH)
Batting: RHB Ernesto Paganin 0-0: Ball
1-0: Foul Ball, location: 5FF
1-1: Called Strike
1-2: Foul Ball, location: 3F
1-2: SINGLE (Line Drive, 3D, EV 108.1 MPH)
Batting: LHB Dana Martin 0-0: Ball
1-0: Ball
2-0: Called Strike
2-1: DOUBLE (Line Drive, 78M, EV 98.8 MPH)
Ernesto Paganin to third
Batting: SHB Luis Mota 0-0: Ball
1-0: Foul Ball, location: 2LF
1-1: Called Strike
1-2: SINGLE (Flyball, 8LS, EV 99.4 MPH)
Ernesto Paganin scores
Dana Martin to third
Batting: LHB Rob Blanchard 0-0: Called Strike
0-1: Called Strike
0-2: Strikes out looking
Luis Mota steals 2nd base
Batter strikes out.
Batting: RHB Doug Watts 0-0: Called Strike
0-1: Ball
1-1: Swinging Strike
1-2: DOUBLE (Groundball, 5L, EV 104.4 MPH)
Dana Martin scores
Luis Mota scores
Pitching: RHP Gene Murphy
Batting: LHB Brad Numbers 0-0: Foul Ball, location: 23FF
0-1: Ball
1-1: Fly out, F3 (Popup, 3SF, EV 71.9 MPH)
Bottom of the 4th over - 4 runs, 5 hits, 0 errors, 1 left on base; Texas 0 - Washington 7
TOP OF THE 5TH
Texas Rangers batting - Pitching for Washington Nationals : RHP Luis Santos
Batting: LHB Adrián Flores 0-0: Ball
1-0: Ball
2-0: Ball
3-0: Base on Balls
Batting: RHB Don Stringfield 0-0: Grounds into double play, 5-4-3 (Groundball, 5, EV 81.3 MPH)
Batting: LHB Orlando Rodríguez 0-0: Ball
1-0: Ball
2-0: Called Strike
2-1: Foul Ball, location: 5FF
2-2: Ball
3-2: Fly out, F8 (Flyball, 8RXD, EV 96.9 MPH)
Top of the 5th over - 0 runs, 0 hits, 0 errors, 0 left on base; Texas 0 - Washington 7
BOTTOM OF THE 5TH
Washington Nationals batting - Pitching for Texas Rangers : RHP Gene Murphy
Batting: SHB Dave Dulin 0-0: Ball
1-0: Ball
2-0: Fly out, F4 (Line Drive, 4, EV 66.3 MPH)
Batting: SHB Jorge Acosta 0-0: Ball
1-0: Ball
2-0: Foul Ball, location: 2RF
2-1: Called Strike
2-2: Foul Ball, location: 5F
2-2: SINGLE (Groundball, 5, EV 100.0 MPH)
Batting: LHB Eric Tushinghem 0-0: Ball
1-0: Called Strike
1-1: Ball
2-1: Ball
3-1: Foul Ball, location: 23F
3-2: Base on Balls
Jorge Acosta to second
Batting: RHB Ernesto Paganin 0-0: Ball
1-0: Ball
2-0: Called Strike
2-1: Foul Ball, location: 5F
2-2: Strikes out swinging
Batting: LHB Dana Martin 0-0: Ball
1-0: Called Strike
1-1: Swinging Strike
1-2: Strikes out swinging
Bottom of the 5th over - 0 runs, 1 hit, 0 errors, 2 left on base; Texas 0 - Washington 7
TOP OF THE 6TH
Texas Rangers batting - Pitching for Washington Nationals : RHP Luis Santos
Batting: RHB Jeremy Wiley 0-0: Called Strike
0-1: Ball
1-1: Called Strike
1-2: Ball
2-2: Strikes out swinging
Batting: LHB Elijah Malone 0-0: Ground out U3 (Groundball, 34, EV 108.1 MPH)
Batting: RHB Jesús Tucker 0-0: Foul Ball, location: 2F
0-1: Foul Ball, location: 2F
0-2: Strikes out looking
Top of the 6th over - 0 runs, 0 hits, 0 errors, 0 left on base; Texas 0 - Washington 7
BOTTOM OF THE 6TH
Washington Nationals batting - Pitching for Texas Rangers : RHP Gene Murphy
Batting: SHB Luis Mota 0-0: Called Strike
0-1: Foul Ball, location: 2F
0-2: Foul Ball, location: 23FF
0-2: Strikes out swinging
Batting: LHB Rob Blanchard 0-0: Ball
1-0: Ball
2-0: Ground out 4-3 (Groundball, 4M, EV 101.3 MPH)
Batting: RHB Doug Watts 0-0: Ball
1-0: Called Strike
1-1: Foul Ball, location: 3F
1-2: Ball
2-2: Strikes out swinging
Bottom of the 6th over - 0 runs, 0 hits, 0 errors, 0 left on base; Texas 0 - Washington 7
TOP OF THE 7TH
Texas Rangers batting - Pitching for Washington Nationals : RHP Luis Santos
Pinch Hitting: LHB Shawn Rice 0-0: Ball
1-0: Swinging Strike
1-1: Ball
2-1: Foul Ball, location: 2F
2-2: DOUBLE (Line Drive, 5D, EV 102.5 MPH)
Batting: RHB José Carlos Ferreira 0-0: Called Strike
Shawn Rice steals 3rd base
0-1: Ball
1-1: Called Strike
1-2: Strikes out looking
Batting: SHB Darrell Bailey 0-0: Called Strike
0-1: Ball
1-1: Ball
2-1: Ground out 6-3 (Groundball, 6, EV 83.1 MPH)
Batting: LHB Adrián Flores 0-0: Called Strike
0-1: Foul Ball, location: 23FF
0-2: Foul Ball, location: 2F
0-2: SINGLE (Groundball, 34, EV 93.8 MPH)
Shawn Rice scores
Batting: RHB Don Stringfield 0-0: Ball
1-0: Swinging Strike
1-1: Swinging Strike
1-2: Fly out, F6 (Popup, 6MD, EV 58.8 MPH)
Top of the 7th over - 1 run, 2 hits, 0 errors, 1 left on base; Texas 1 - Washington 7
BOTTOM OF THE 7TH
Washington Nationals batting - Pitching for Texas Rangers : RHP Gene Murphy
Now at 1B: Shawn Rice
Batting: LHB Brad Numbers 0-0: Ball
1-0: Foul Ball, location: 2F
1-1: Called Strike
1-2: Strikes out swinging
Batting: SHB Dave Dulin 0-0: SOLO HOME RUN (Flyball, 89XD, EV 109.4 MPH), Distance : 417 ft
Batting: SHB Jorge Acosta 0-0: Ball
1-0: Foul Ball, location: 2F
1-1: Called Strike
1-2: SOLO HOME RUN (Flyball, 9D, EV 92.5 MPH), Distance : 368 ft
Batting: LHB Eric Tushinghem 0-0: Ball
1-0: Ball
2-0: SINGLE (Groundball, 6M, EV 108.1 MPH)
Batting: RHB Ernesto Paganin 0-0: Called Strike
0-1: Ball
1-1: Ball
Wild Pitch!
Eric Tushinghem to second
2-1: Foul Ball, location: 9LMF
2-2: Foul Ball, location: 9LSF
2-2: 2-RUN HOME RUN (Flyball, 8LXD, EV 108.8 MPH), Distance : 428 ft
Batting: LHB Dana Martin 0-0: Ball
1-0: SOLO HOME RUN (Flyball, 9D, EV 94.4 MPH), Distance : 363 ft
Batting: SHB Luis Mota 0-0: Called Strike
0-1: Foul Ball, location: 9LSF
0-2: Ball
1-2: Ball
2-2: Ball
3-2: Base on Balls
Pitching: RHP António De La Cruz
Batting: LHB Rob Blanchard 0-0: SINGLE (Line Drive, 34D, EV 99.4 MPH)
Luis Mota to second
Batting: RHB Doug Watts 0-0: Ball
1-0: Fly out, F8 (Flyball, 8RD, EV 88.8 MPH)
Batting: LHB Brad Numbers 0-0: Called Strike
0-1: Ball
1-1: Swinging Strike
1-2: Foul Ball, location: 2F
1-2: Foul Ball, location: 2F
1-2: Strikes out swinging
Bottom of the 7th over - 5 runs, 6 hits, 0 errors, 2 left on base; Texas 1 - Washington 12
TOP OF THE 8TH
Texas Rangers batting - Pitching for Washington Nationals : RHP Luis Santos
Batting: LHB Orlando Rodríguez 0-0: Ground out U3 (Groundball, 34S, EV 69.4 MPH)
Batting: RHB Jeremy Wiley 0-0: Swinging Strike
0-1: Called Strike
0-2: Ball
1-2: Fly out, F3 (Popup, 3S, EV 73.1 MPH)
Batting: LHB Elijah Malone 0-0: Ball
1-0: Called Strike
1-1: Swinging Strike
1-2: Foul Ball, location: 7LSF
1-2: Ball
2-2: Ball
3-2: Foul Ball, location: 3FF
3-2: Base on Balls
Batting: RHB Jesús Tucker 0-0: Ball
1-0: Called Strike
1-1: Foul Ball, location: 2F
1-2: Strikes out swinging
Top of the 8th over - 0 runs, 0 hits, 0 errors, 1 left on base; Texas 1 - Washington 12
BOTTOM OF THE 8TH
Washington Nationals batting - Pitching for Texas Rangers : RHP António De La Cruz
Batting: SHB Dave Dulin 0-0: Called Strike
0-1: Ball
1-1: Ball
2-1: Ball
3-1: Base on Balls
Batting: SHB Jorge Acosta 0-0: Called Strike
0-1: Swinging Strike
0-2: Foul Ball, location: 7LSF
0-2: Ball
1-2: Foul Ball, location: 2LF
1-2: Fly out, F6 (Popup, 25, EV 93.1 MPH)
Batting: LHB Eric Tushinghem 0-0: Ball
1-0: Ball
2-0: Foul Ball, location: 23FF
2-1: Foul Ball, location: 9LDF
2-2: Foul Ball, location: 3F
2-2: Ball
3-2: Base on Balls
Dave Dulin to second
Batting: RHB Ernesto Paganin 0-0: Ball
1-0: Called Strike
1-1: Foul Ball, location: 2F
1-2: Ball
2-2: Ball
3-2: DOUBLE (Line Drive, 7LS, EV 103.1 MPH)
Dave Dulin scores
Eric Tushinghem to third
Runner from 3rd tries for Home, throw by LF and OUT! 7-6-2
Batting: LHB Dana Martin 0-0: Ball
1-0: Ground out 4-3 (Groundball, 4, EV 88.1 MPH)
Bottom of the 8th over - 1 run, 1 hit, 0 errors, 1 left on base; Texas 1 - Washington 13
TOP OF THE 9TH
Texas Rangers batting - Pitching for Washington Nationals : RHP Luis Santos
Batting: LHB Shawn Rice 0-0: Called Strike
0-1: SINGLE (Line Drive, 78S, EV 100.0 MPH)
Batting: RHB José Carlos Ferreira 0-0: Foul Ball, location: 3SF
0-1: Ball
1-1: Ball
2-1: Called Strike
2-2: Strikes out swinging
Pitching: LHP Willie Estrada
Pinch Hitting: LHB David Manuel 0-0: Called Strike
0-1: Ball
1-1: Called Strike
1-2: Grounds into double play, 4-6-3 (Groundball, 4, EV 106.3 MPH)
Top of the 9th over - 0 runs, 1 hit, 0 errors, 0 left on base; Texas 1 - Washington 13
Monday, April 29th , 2024 - OOTP Baseball 24.10 Build 82